 Dungeon Sprint DCSS version 0.30.1-11-g7821555f0a (webtiles) character file.

Game seed: 2340490945350365742

547 Heoruswealwe the Thaumaturge (level 7, -2/36 HPs)
             Began as a Deep Elf Conjurer on Nov 16, 2023.
             Was an Initiate of Gozag.
             Slain by a hornet (9 damage)
             ... while paralysed by a hornet
             ... in the Dungeon (Sprint IX: "|||||||||||||||||||||||||||||").
             The game lasted 00:06:29 (397 turns).

Heoruswealwe the Thaumaturge (Deep Elf Conjurer)     Turns: 397, Time: 00:06:30

Health: -2/36      AC:  3    Str:  4    XL:     7   Next: 7%
Magic:  1/26       EV:  2    Int: 25    God:    Gozag
Gold:   0          SH:  0    Dex: 13    Spells: 20/34 levels left

rFire   . . .        a - +2 scimitar (flame)
rCold   . . .        (no shield)
rNeg    . . .        c - +0 robe
rPois   .            (no helmet)
rElec   .            h - +0 cloak
rCorr   .            (no gloves)
SInv    .            (no boots)
Will    .....        (no amulet)
Stlth   ++           (no ring)
HPRegen 0.26/turn    (no ring)
MPRegen 0.20/turn

%: no teleportation
@: paralysed, lethally poisoned (-2 -> -8), gold aura, slowed
A: no striking features
a: Renounce Religion, Potion Petition, Call Merchant, Bribe Branch


You were in the Dungeon.
You worshipped Gozag.
Gozag was noncommittal.
You visited 1 branch

Inventory:

Hand Weapons
 a - a +2 scimitar of flaming (weapon)
Armour
 c - a +0 robe (worn)
 h - a +0 cloak (worn)
Wands
 i - a wand of iceblast (10)
Scrolls
 g - 2 scrolls of amnesia
 k - a scroll of blinking
Potions
 b - 4 potions of magic
 d - a potion of invisibility
 e - a potion of haste
 f - a potion of heal wounds
 j - 5 potions of curing


   Skills:
 - Level 2.4 Dodging
 - Level 2.4 Stealth
 + Level 14.1 Spellcasting
 + Level 12.5 Conjurations


You had 20 spell levels left.
You knew the following spells:

 Your Spells              Type           Power      Damage    Failure   Level
a - Magic Dart            Conj           100%       1d8       1%          1
b - Searing Ray           Conj           100%       2d8       1%          2
c - Dazzling Flash        Conj/Hex       96%        N/A       1%          3
d - Fulminant Prism       Conj/Hex       24%        3d12      2%          4
e - Iskenderun's Mystic   Conj/Tloc      48%        2d11      2%          4

Your spell library contained the following spells:

 Spells                   Type           Power      Damage    Failure   Level


Dungeon Overview and Level Annotations

Branches:
Dungeon (1/1)

Altars:
Cheibriados
Dithmenos
Elyvilon
Fedhas
Gozag
Hepliaklqana
Kikubaaqudgha
Makhleb
Nemelex Xobeh
Okawaru
Qazlal
Ru
Sif Muna
Trog
Uskayaw
Vehumet
Wu Jian
Xom
Yredelemnul
Zin
The Shining One
Jiyva
Lugonu


Message History

Confirm with . or Enter, or press ? or * to list all spells.
The spell is quite dangerous to miscast (3% risk of failure)!
Continue anyway?
You erupt in a blast of force!
The mystic blast hits the wraith!
The wraith is heavily damaged.
The wraith is knocked back by the mystic blast.
You slash the wraith! You burn the wraith.
The wraith is almost destroyed.
The wraith barely misses you. The wraith hits you!
You hit the wraith but do no damage.
The wraith is almost destroyed.
The wraith barely misses you.
You closely miss the wraith. You punch the wraith, but do no damage.
The wraith is almost destroyed.
The wraith hits you. The wraith drains your vigour!
You feel yourself slow down.
Casting: Iskenderun's Mystic Blast (quite dangerous; 3% risk of failure)
Confirm with . or Enter, or press ? or * to list all spells.
The spell is quite dangerous to miscast (3% risk of failure)!
Continue anyway?
You erupt in a blast of force!
The mystic blast hits the hornet!
The hornet is moderately wounded.
The hornet is knocked back by the mystic blast.
The hornet collides with the gnoll sergeant!
The gnoll sergeant is lightly wounded.
The hornet is heavily wounded.
The mystic blast hits the wraith!
You destroy the wraith!
Your Spellcasting skill increases to level 14!
Your Conjurations skill increases to level 12!
You have reached level 7!
You feel much better. The hornet stings you!
You are poisoned.
You suddenly lose the ability to move!
The hornet barely misses you.
The gnoll sergeant is distracted by your dazzling golden aura.
The hornet stings you!
* * * LOW HITPOINT WARNING * * *
You feel as though you will be slow longer.
* * * LOW HITPOINT WARNING * * *
You feel sick. The hornet stings you!
You die...
Your body crumbles into a pile of gold.

▓.▓
$
▓.▓
$
▓)▓
$
▓=▓
$
▓=▓
▓[▓
$
▓[▓
▓.▓
$
▓@▓
▓y▓
$
▓g▓
▓.▓
$ $
▓.▓
$
▓.▓
$ $
▓.▓
$
▓.▓
$
▓+▓


You could see a hornet and a gnoll sergeant (unaware).

Vanquished Creatures
  A wraith (D)
  A yak (D)
  2 black bears (D)
  A howler monkey (D)
  An orc priest (D)
  An adder (D)
  A dart slug (D)
  A ball python (D)
  A bat (D)
  An endoplasm (D)
  A hobgoblin (D)
  A jackal (D)
  A quokka (D)
14 creatures vanquished.

Notes
Turn   | Place    | Note
-------+----------+-------------------------------------------
     0 | D        | Heoruswealwe the Deep Elf Conjurer began the quest for the
                  | Orb.
     0 | D        | Reached XP level 1. HP: 10/10 MP: 6/6
    15 | D        | Reached skill level 4 in Spellcasting
    19 | D        | Reached skill level 5 in Conjurations
    63 | D        | Noticed a black bear
    63 | D        | Noticed a black bear
    68 | D        | Reached XP level 2. HP: 13/15 MP: 4/9
   113 | D        | Learned a level 2 spell: Searing Ray
   116 | D        | Reached skill level 5 in Spellcasting
   116 | D        | Killed a black bear
   117 | D        | Reached skill level 9 in Spellcasting
   117 | D        | Reached XP level 3. HP: 17/19 MP: 5/15
   117 | D        | Reached XP level 4. HP: 21/24 MP: 5/17
   205 | D        | Learned a level 3 spell: Dazzling Flash
   210 | D        | Learned a level 4 spell: Fulminant Prism
   215 | D        | Learned a level 4 spell: Iskenderun's Mystic Blast
   220 | D        | Killed a black bear
   221 | D        | Reached skill level 10 in Spellcasting
   221 | D        | Reached XP level 5. HP: 28/28 MP: 14/20
   235 | D        | Found a snail-covered altar of Cheibriados.
   235 | D        | Found a shadowy altar of Dithmenos.
   235 | D        | Found a white marble altar of Elyvilon.
   235 | D        | Found a blossoming altar of Fedhas.
   235 | D        | Found an opulent altar of Gozag.
   236 | D        | Found a hazy altar of Hepliaklqana.
   237 | D        | Found a viscous altar of Jiyva.
   238 | D        | Found an ancient bone altar of Kikubaaqudgha.
   239 | D        | Found a corrupted altar of Lugonu.
   240 | D        | Found a burning altar of Makhleb.
   241 | D        | Found a sparkling altar of Nemelex Xobeh.
   242 | D        | Found an iron altar of Okawaru.
   243 | D        | Became a worshipper of Gozag Ym Sagoz the Greedy
   244 | D        | Found a stormy altar of Qazlal.
   245 | D        | Found a sacrificial altar of Ru.
   246 | D        | Found a shimmering blue altar of Sif Muna.
   247 | D        | Found a bloodstained altar of Trog.
   248 | D        | Found a hide-covered altar of Uskayaw.
   249 | D        | Found a radiant altar of Vehumet.
   250 | D        | Found an ornate altar of the Wu Jian Council.
   251 | D        | Found a shimmering altar of Xom.
   252 | D        | Found a basalt altar of Yredelemnul.
   253 | D        | Found a glowing silver altar of Zin.
   254 | D        | Found a glowing golden altar of the Shining One.
   305 | D        | Noticed a yak
   305 | D        | Noticed a wraith
   305 | D        | Noticed a hornet
   308 | D        | Reached skill level 11 in Spellcasting
   308 | D        | Reached skill level 10 in Conjurations
   386 | D        | Killed a yak
   387 | D        | Reached skill level 13 in Spellcasting
   387 | D        | Reached XP level 6. HP: 32/32 MP: 14/24
   395 | D        | Killed a wraith
   396 | D        | Reached skill level 14 in Spellcasting
   396 | D        | Reached XP level 7. HP: 20/36 MP: 0/26
   396 | D        | Paralysed by a hornet for 3 turns
   397 | D        | Slain by a hornet

Illustrated notes

Levels and vault maps discovered:
D:        linesprint [early_d, line_temple, items_1, d_10, items_2, lair_1,
          lair_end, items_3, orc_1, orc_end, items_4, d_15, swamp_1, shoals_1,
          snake_1, spider_1, d_20, vaults_1, items_5, swamp_end, shoals_end,
          snake_end, spider_end, vaults_end, d_27, items_6, zot_1, zot_end,
          crypt_end, forest_end, elf_end, slime_end, tomb_end, abyss_end,
          pan_hell_end]

Skill      XL: |  1  2  3  4  5  6 |
---------------+-------------------+-----
Spellcasting   | 4 9 10 13 14 | 14.1
Conjurations   | 5 8 9 11 12 | 12.5
Dodging        | |  2.4
Stealth        | |  2.4

Action                     |  1- 3 |  4- 6 |  7- 9 || total
---------------------------+-------+-------+-------++-------
  Melee: Unarmed           |     4 |       |       ||     4
         Scimitar          |       |     3 |       ||     3
         Punch             |       |     1 |       ||     1
   Cast: Magic Dart        |    14 |       |       ||    14
         Searing Ray       |     1 |     1 |       ||     2
         Iskenderun's Myst |       |     9 |       ||     9
    Use: Potion            |     2 |       |     1 ||     3
         Scroll            |     1 |       |       ||     1
 Armour: Robe              |     3 |       |       ||     3
  Dodge: Dodged            |     5 |     3 |     1 ||     9
